 Dungeon Crawl Stone Soup version 0.30-a0-778-g2ef04afb54 (webtiles) character file.

Game seed: 5537898857904610761

61 Pimp the Trooper (level 3, -1/29 HPs)
             Began as a Demonspawn Fighter on Feb 16, 2023.
             Slain by Grinder (4 damage)
             ... on level 3 of the Dungeon.
             The game lasted 00:03:06 (1515 turns).

Pimp the Trooper (Demonspawn Fighter)               Turns: 1515, Time: 00:03:07

Health: -1/29      AC:  6    Str: 18    XL:     3   Next: 83%
Magic:  3/3        EV:  9    Int:  9    God:
Gold:   57         SH:  4    Dex: 12    Spells: 2/2 levels left

rFire   . . .      SeeInvis .    a - +0 war axe
rCold   . . .      Faith    .    c - +0 buckler
rNeg    . . .      Spirit   .    b - +0 scale mail
rPois   .          Reflect  .    (no helmet)
rElec   .          Harm     .    (no cloak)
rCorr   .          Rampage  .    (no gloves)
Will    .....                    (no boots) Stlth
                                 (no amulet)
HPRegen 0.24/turn                (no ring)
MPRegen 0.08/turn                (no ring)

@: hasted, very quick
A: hooves 1
a: no special abilities


You were on level 3 of the Dungeon.
You visited 1 branch of the dungeon, and saw 3 of its levels.

You collected 57 gold pieces.

Inventory:

Hand Weapons
 a - a +0 war axe (weapon)
Missiles
 l - 5 poisoned darts (quivered)
 n - 5 curare-tipped darts
Armour
 b - a +0 scale mail (worn)
 c - a +0 buckler (worn)
Jewellery
 o - a ring of magical power
Scrolls
 e - a scroll of enchant weapon {unknown}
 f - a scroll of enchant armour {unknown}
 g - 2 scrolls of immolation {unknown}
 h - a scroll of teleportation {unknown}
 i - a scroll of vulnerability {unknown}
 k - 2 scrolls of poison {unknown}
Potions
 d - a potion of might
 j - a potion of haste
 m - 2 potions of brilliance {unknown}
 p - a potion of degeneration {unknown}
 q - 2 potions of flight {unknown}


   Skills:
 + Level 3.3 Fighting
 + Level 2.4 Axes
 + Level 3.3 Armour
 + Level 3.1 Shields


You had 2 spell levels left.
You didn't know any spells.
Your spell library contained the following spells:

 Spells                   Type           Power      Damage    Failure   Level
 Cigotuvi's Dreadful Rot  Necr/Pois/Air  0%         N/A       94%         2
 Poisonous Vapours        Pois/Air       0%         N/A       94%         2
 Mephitic Cloud           Conj/Pois/Air  0%         N/A       99%         3


Dungeon Overview and Level Annotations

Branches:
Dungeon (3/15)

Altars:

Shops:
D:1 *

Annotations:
D:3 Grinder


Innate Abilities, Weirdness & Mutations

You have large cloven feet.


Message History

You kill the kobold!
Things that are here:
a +0 short sword; 3 stones
There is an open door here.
There is an open door here.
There is a stone staircase leading down here.
Done exploring.
There is a stone staircase leading down here.
You climb downwards.
There is a stone staircase leading up here.
A bat comes into view.
Found 2 stones.
The bat closely misses you. You block the bat's attack.
You hit the bat.
You kill the bat!
An adder comes into view.
You slash the adder! Your kick misses the adder.
The adder is almost dead.
The adder bites you but does no damage. The adder barely misses you.
You hit the adder.
You kill the adder!
Found a dagger.
Grinder comes into view.
Grinder shouts!
Grinder is nearby!
Grinder gestures at you. Pain shoots through your body!
You closely miss Grinder. You kick Grinder.
Grinder is lightly wounded.
Grinder hits you.
You writhe in agony.
You hit Grinder.
Grinder is lightly wounded.
Grinder barely misses you. Grinder gestures at you.
Pain shoots through your body!
* * * LOW HITPOINT WARNING * * *
It was a potion of haste.
You feel yourself speed up. Grinder hits you.
* * * LOW HITPOINT WARNING * * *
You writhe in agony.
You die...

#.....†..........#...#
#########....#.#<....#
#...†#.####....#
#....#.......#.#
#....######### #....#
#....# #(...# #@...#
......5.....$...
####.#.###...### .....
..## ##.### .)# # ..#
#.#


You could see Grinder.

Vanquished Creatures
  An adder (D:3)
  5 ball pythons
  8 bats
  2 endoplasms (D:1)
  4 giant cockroaches
  3 goblins
  8 hobgoblins
  4 jackals (D:1)
  2 quokkas (D:2)
  3 kobolds
  5 rats
45 creatures vanquished.

Vanquished Creatures (others)
  3 fungi (D:1)
3 creatures vanquished.

Grand Total: 48 creatures vanquished

Notes
Turn   | Place    | Note
-------+----------+-------------------------------------------
     0 | D:1      | Pimp the Demonspawn Fighter began the quest for the Orb.
     0 | D:1      | Reached XP level 1. HP: 18/18 MP: 1/1
   116 | D:1      | Gained mutation: You have large cloven feet. [demonic
                  | ancestry]
   116 | D:1      | Reached XP level 2. HP: 24/24 MP: 2/2
   359 | D:1      | Found Yssusch's General Store.
   535 | D:1      | Reached XP level 3. HP: 21/29 MP: 3/3
  1510 | D:3      | Noticed Grinder
  1515 | D:3      | Slain by Grinder

Illustrated notes

Levels and vault maps discovered:
D:1:      tarquinn_simple_flora_water_b, layout_loops_cross, serial_shops,
          nicolae_square_shop, dreamdust_mushroom_princess
D:2:      layout_basic, ebering_dispersal_statue_hall
D:3:      layout_basic, uniq_natasha, uniq_crazy_yiuf_cottage, uniq_grinder

Skill      XL: |  1  2 |
---------------+-------+-----
Axes           | 2 |  2.4
Armour         | 3 |  3.3
Shields        | 3 |  3.1
Fighting       | |  3.3

Action                     || total
---------------------------++-------
  Melee: War axe           ||   100
         Kick              ||    14
    Use: Potion            ||     1
 Armour: Scale mail        ||    58
  Dodge: Dodged            ||    57
  Block: Buckler           ||    24

Table legend: (Time is in decaauts)
 A = Elapsed time spent in this place.
 B = Non-inter-level travel time spent in this place.
 C = Inter-level travel time spent in this place.
 D = Time resting spent in this place.
 E = Time spent auto-exploring this place.
 F = Levels seen in this place.
 G = Mean time per level.
                   A        B        C        D        E       F      G
               +--------+--------+--------+--------+--------+-----+--------+
         Total |   1558 |   1542 |     16 |      0 |   1184 |   3 |  519.3 |
       Dungeon |   1558 |   1542 |     16 |      0 |   1184 |   3 |  519.3 |
               +--------+--------+--------+--------+--------+-----+--------+

Top non-repeatable levels by time:
     D:1: 786 daAuts
     D:2: 741 daAuts
     D:3: 29 daAuts
